 Dungeon Crawl Stone Soup version 0.24-a0-115-gd155597 (console) character file.

Game seed: 4655763748768444229

24 Duffy the Chopper (level 3, -1/32 HPs)
             Began as a Naga Gladiator on Feb 16, 2019.
             Slain by an orc priest
             ... wielding a +0 club
              (3 damage)
             ... on level 4 of the Dungeon.
             The game lasted 00:00:41 (358 turns).

Duffy the Chopper (Naga Gladiator)                   Turns: 358, Time: 00:00:42

Health: -1/32      AC:  7    Str: 16    XL:     3   Next: 2%
Magic:  3/3        EV:  3    Int:  9    God:
Gold:   37         SH:  0    Dex: 12    Spells: 2/2 levels left

rFire    . . .     SeeInvis +   a - +0 war axe
rCold    . . .     Gourm    .   (no shield)
rNeg     . . .     Faith    .   g - +0 plate armour
rPois    +         Spirit   .   c - +0 helmet
rElec    .         Reflect  .   (no cloak)
rCorr    .         Harm     .   (no gloves)
MR       .....                  (no barding)
Stlth    ..........             (no amulet)
HPRegen  0.10/turn              (no ring)
MPRegen  0.08/turn              (no ring)

@: short of breath, very slow
A: large, see invisible, deformed body, poison resistance, slowness 2, slow
metabolism 1, spit poison 1, AC +1
a: Spit Poison


You were on level 4 of the Dungeon.
You were not hungry.

You visited 1 branch of the dungeon, and saw 4 of its levels.

You collected 37 gold pieces.

Inventory:

Hand Weapons
 a - a +0 war axe (weapon)
Missiles
 d - 3 throwing nets (quivered)
Armour
 c - a +0 helmet (worn)
 g - a +0 plate armour (worn)
Jewellery
 e - a cursed amulet of inaccuracy {unknown}
Scrolls
 h - a scroll of enchant armour {unknown}
Comestibles
 f - a ration


   Skills:
 - Level 2.0 Fighting
 + Level 3.9 Axes
 - Level 1.7 Throwing
 + Level 0.6 Armour
 - Level 2.4 Dodging


You had 2 spell levels left.
You didn't know any spells.
Your spell library was empty.

Dungeon Overview and Level Annotations

Branches:
Dungeon (4/15)
 Temple: D:4-7

Altars:


Innate Abilities, Weirdness & Mutations

You cannot wear boots.
Your serpentine skin is tough. (AC +1)
You have supernaturally acute eyesight. (SInv)
Armour fits poorly on your strangely shaped body.
Your system is resistant to poisons. (rPois)
You cover ground very slowly.
You have a slow metabolism.
You can spit poison.


Message History

You feel clever.
Your skin feels tougher.
You hit the orc. The leopard gecko bites you.
The orc priest hits you but does no damage.
The orc hits you.
The leopard gecko bites you but does no damage.
The orc priest hits you but does no damage.
You closely miss the orc priest.
The orc priest is almost dead.
Your plate armour prevents you from hitting the leopard gecko.
You hit the orc. The orc hits you but does no damage.
The leopard gecko bites you but does no damage.
The orc priest hits you but does no damage.
The orc hits you.
Press: ? - help, Shift-Dir - straight line, f/p - orc priest
Aim: an orc priest, wielding a +0 club and wearing a +0 leather armour (almost dead)
The splash of poison misses the orc priest.
You feel slightly more hungry. The leopard gecko bites you.
The leopard gecko bites you but does no damage.
The orc priest hits you with a +0 club.
You die...

... ........ ... ###
....#..# .. ..# .......#
##.##.#### . .......#
#.....$..##.. ..#..#.#
#............ #....#.#
#...ool..#...
.....#.#########.@.....#
.................##......
.......########### .....
....#..# .....
.......############. ...
....#............... ..
.........#.).....## .
...###.#...^......# #..
###..........#


You could see an orc priest, an orc and a leopard gecko.

Vanquished Creatures
  A gnoll (D:1)
  An adder (D:4)
  A leopard gecko (D:4)
  An orc (D:4)
  2 frilled lizards
6 creatures vanquished.

Notes
Turn   | Place    | Note
-------+----------+-------------------------------------------
     0 | D:1      | Duffy the Naga Gladiator began the quest for the Orb.
     0 | D:1      | Reached XP level 1. HP: 19/19 MP: 1/1
    32 | D:1      | Reached XP level 2. HP: 11/26 MP: 2/2
   276 | D:1      | You fall through a shaft!
   356 | D:4      | Reached XP level 3. HP: 7/32 MP: 3/3
   358 | D:4      | Slain by an orc priest

Levels and vault maps discovered:
D:1:      sevenhm_arrival_forest_fort_large_4, layout_basic,
          hangedman_abyss_or_decor_lesser_grid, minmay_misc_feat_secret_circle
D:2:      layout_basic, st_stairs_5, hangedman_feature_mirror
D:3:      layout_rooms, lemuel_crystal_altar, uniq_terence
D:4:      layout_rooms, lemuel_coloured_pillars_altar, enter_ossuary_4,
          minmay_vboxes

Action                   || total
-------------------------++-------
Melee: War axe           ||    17
 Abil: Spit Poison       ||     6
Armor: Leather armour    ||     2
       Plate armour      ||    24
Dodge: Dodged            ||     6

Table legend:
 A = Non-vault XP
 B = Vault XP
 C = Vault XP percentage of total XP
 D = Non-vault monster count
 E = Vault monster count
 F = Vault count percentage of total count
                 A         B        C        D         E       F
            +---------+---------+-------+---------+---------+-------
      Total |      35 |       0 |   0.0 |       6 |       0 |   0.0
            +---------+---------+-------+---------+---------+-------
        D:1 |      15 |       0 |   0.0 |       2 |       0 |   0.0
        D:4 |      20 |       0 |   0.0 |       4 |       0 |   0.0
            +---------+---------+-------+---------+---------+-------
